 Dungeon Crawl Stone Soup version 0.20.1-1-g8b1a95d (webtiles) character file.

103 vineage the Twirler (level 4, -5/34 HPs)
             Began as a Demonspawn Gladiator on Aug 20, 2017.
             Slain by a gnoll
             ... wielding a +0 whip
              (7 damage)
             ... on level 2 of the Dungeon.
             The game lasted 00:04:13 (1637 turns).

vineage the Twirler (Demonspawn Gladiator)          Turns: 1637, Time: 00:04:14

Health: -5/34      AC:  4    Str: 15    XL:     4   Next: 51%
Magic:  4/4        EV: 13    Int: 10    God:
Gold:   166        SH:  4    Dex: 14    Spells: 3/3 levels left

rFire    . . .     SeeInvis .   a - +0 quarterstaff
rCold    . . .     Gourm    .   (shield currently unavailable)
rNeg     . . .     Faith    .   b - +0 leather armour
rPois    .         Spirit   .   (helmet restricted)
rElec    .         Reflect  .   (no cloak)
rCorr    .         Harm     .   h - +0 pair of gloves
MR       +....                  (no boots)
Stlth    +.........             (no amulet)
Regen    0.2/turn               q - -3 ring of slaying (curse)
MPRegen  0.1/turn               p - ring of protection from magic

@: no status effects
A: horns 2, large bone plates 1
a: no special abilities


You were on level 2 of the Dungeon.
You were hungry.

You visited 1 branch of the dungeon, and saw 3 of its levels.

You collected 166 gold pieces.

Inventory:

Hand Weapons
 a - a +0 quarterstaff (weapon)
Missiles
 d - 3 throwing nets (quivered)
Armour
 b - a +0 leather armour (worn)
 c - a +0 helmet
 h - a +0 pair of gloves (worn)
Jewellery
 e - an uncursed ring of protection from cold
 p - a ring of protection from magic (right hand)
 q - a cursed -3 ring of slaying (left hand)
Scrolls
 l - 2 scrolls of magic mapping
Potions
 j - a potion of ambrosia
 o - a potion of might {unknown}
Comestibles
 f - 2 bread rations
 m - a royal jelly
 n - a meat ration


   Skills:
 + Level 2.5 Fighting
 + Level 3.6 Staves
 + Level 1.8 Throwing
 + Level 1.4 Armour
 + Level 3.3 Dodging


You had 3 spell levels left.
You didn't know any spells.

Dungeon Overview and Level Annotations

Branches:
Dungeon (3/15)

Altars:


Innate Abilities, Weirdness & Mutations

You have a pair of horns on your head.
You are partially covered in large bone plates. (SH +4)


Message History

You closely miss the gnoll. The gnoll hits you with a whip.
The gnoll hits you with a flail.
You hit the gnoll.
The gnoll is moderately wounded.
The gnoll barely misses you. You block the gnoll's attack.
The gnoll hits you with a flail!
* * * LOW HITPOINT WARNING * * *
The gnoll closely misses you.
You climb downwards.
There is a stone staircase leading up here.
You feel better. You block the gnoll's attack. The gnoll hits you with a whip!
* * * LOW HITPOINT WARNING * * *
You can't go down here!
The gnoll barely misses you. You block the gnoll's attack.
You climb upwards.
There is a stone staircase leading down here.
The gnoll hits you with a flail!
* * * LOW HITPOINT WARNING * * *
The gnoll hits you with a whip!
You die...

##### ....# ....# ....#
##### ....# #...# ....#
#...#############
....####.........g.....#
................@g.....#
....####...............#
....# ###.............#
....#### #....##.#######
.......# #....##.#
.......# #....##.##
####...# #....##..#
####...#########..##
...................#


You could see 2 gnolls.

Vanquished Creatures
  2 gnolls
  4 adders (D:2)
  A leopard gecko (D:1)
  A ball python (D:1)
  4 giant cockroaches
  7 goblins
  8 hobgoblins
  3 jackals (D:2)
  6 kobolds
  A quokka (D:2)
  3 bats
  A frilled lizard (D:2)
  A rat (D:2)
42 creatures vanquished.

Notes
Turn   | Place    | Note
-------+----------+-------------------------------------------
     0 | D:1      | vineage the Demonspawn Gladiator began the quest for the Orb.
     0 | D:1      | Reached XP level 1. HP: 16/16 MP: 1/1
   154 | D:1      | Gained mutation: You have a pair of small horns on your head. [demonic ancestry]
   154 | D:1      | Reached XP level 2. HP: 19/22 MP: 2/2
   617 | D:2      | Gained mutation: You have a pair of horns on your head. [demonic ancestry]
   617 | D:2      | Reached XP level 3. HP: 28/28 MP: 3/3
   991 | D:2      | Gained mutation: You are partially covered in large bone plates. (SH +4) [demonic ancestry]
   991 | D:2      | Reached XP level 4. HP: 31/34 MP: 4/4
  1203 | D:2      | Reached skill level 1 in Armour
  1637 | D:2      | Slain by a gnoll

Skill      XL: |  1  2  3  4 |
---------------+-------------+-----
Staves         | 3 |  3.6
Dodging        | 3 |  3.3
Armour         | 1 |  1.4
Fighting       | |  2.5
Throwing       | |  1.8

Action                   |  1- 3 |  4- 6 || total
-------------------------+-------+-------++-------
Melee: Quarterstaff      |    95 |    58 ||   153
       Headbutt          |    11 |     3 ||    14
  Use: Scroll            |       |     4 ||     4
       Potion            |       |     3 ||     3
 Stab: Sleeping          |     1 |       ||     1
  Eat: Royal jelly       |       |     1 ||     1
Armor: Leather armour    |    30 |    14 ||    44
Dodge: Dodged            |    80 |    43 ||   123
Block: Other             |       |    13 ||    13
